 Dungeon Crawl Stone Soup version 0.28.0-45-g0d030f2227 (webtiles) character file.

Game seed: 10046007014783426706

193 gohu the Chopper (level 5, -1/47 HPs)
             Began as a Minotaur Fighter on May 1, 2022.
             Slain by Duvessa
             ... wielding a +0 short sword
              (13 damage)
             ... on level 4 of the Dungeon.
             The game lasted 00:05:56 (2706 turns).

gohu the Chopper (Minotaur Fighter)                 Turns: 2706, Time: 00:05:56

Health: -1/47      AC:  9    Str: 23    XL:     5   Next: 44%
Magic:  4/4        EV:  9    Int:  5    God:
Gold:   100        SH:  4    Dex:  9    Spells: 4/4 levels left

rFire   . . .      SeeInvis .   a - +0 war axe
rCold   . . .      Faith    .   c - +0 buckler
rNeg    . . .      Spirit   .   b - +0 scale mail
rPois   .          Reflect  .   t - +1 hat
rElec   .          Harm     .   (no cloak)
rCorr   .          Rampage  .   p - +0 pair of gloves
Will    +....                   (no boots)
Stlth   ..........              (no amulet)
HPRegen 0.15/turn               g - ring of willpower
MPRegen 0.09/turn               (no ring)

@: mighty
A: horns 2, retaliatory headbutt
a: no special abilities


You were on level 4 of the Dungeon.
You visited 1 branch of the dungeon, and saw 4 of its levels.

You collected 100 gold pieces.

Inventory:

Hand Weapons
 a - a +0 war axe (weapon)
Armour
 b - a +0 scale mail (worn)
 c - a +0 buckler (worn)
 p - a +0 pair of gloves (worn)
 q - an orb of mayhem
 t - a +1 hat (worn)
Jewellery
 g - a ring of willpower (left hand)
Scrolls
 e - 3 scrolls of teleportation {unknown}
 i - 6 scrolls of identify {unknown}
 k - a scroll of brand weapon {unknown}
 s - 2 scrolls of amnesia {unknown}
 u - a scroll of holy word {unknown}
Potions
 d - a potion of might
 f - a potion of invisibility {unknown}
 h - a potion of resistance {unknown}
 j - a potion of lignification {unknown}
 l - a potion of brilliance {unknown}
 m - 2 potions of heal wounds {unknown}
 n - a potion of flight {unknown}
 o - 2 potions of curing {unknown}
 r - a potion of haste {unknown}
 v - a potion of magic {unknown}
 w - a potion of degeneration {unknown}


   Skills:
 + Level 4.3 Fighting
 * Level 5.7 Axes
 + Level 4.7 Armour
 - Level 3.6 Shields


You had 4 spell levels left.
You didn't know any spells.
Your spell library contained the following spells:

 Spells                   Type           Power      Damage    Failure   Level
 Gell's Gravitas          Tloc           0%         N/A       99%         3
 Teleport Other           Tloc           0%         N/A       99%         3
 Dispersal                Tloc           0%         N/A       100%        6


Dungeon Overview and Level Annotations

Branches:
Dungeon (4/15)
 Temple: D:4-7

Altars:

Annotations:
D:4 Duvessa


Innate Abilities, Weirdness & Mutations

You have a pair of horns on your head.
You reflexively headbutt those who attack you in melee.


Message History

s - 2 scrolls labelled ODIFOPAJEE (gained 1) Duvessa goes berserk!
Duvessa rages.
You barely miss Duvessa. Duvessa hits you but does no damage. x2
You hit Duvessa but do no damage. Your headbutt misses Duvessa.
Duvessa hits you with a +0 short sword. Duvessa closely misses you.
You hit Duvessa but do no damage. Duvessa barely misses you.
You closely miss Duvessa. You headbutt Duvessa.
Duvessa is lightly wounded.
You block Duvessa's attack. Duvessa barely misses you. You furiously retaliate!
You headbutt Duvessa, but do no damage. You hit Duvessa.
Duvessa is lightly wounded.
Duvessa misses you. You furiously retaliate!
You headbutt Duvessa. You block Duvessa's attack.
You hit Duvessa but do no damage. Your headbutt misses Duvessa.
Duvessa is lightly wounded.
Duvessa closely misses you. Duvessa hits you but does no damage.
You closely miss Duvessa.
Duvessa is lightly wounded.
Duvessa hits you but does no damage. Duvessa hits you with a +0 short sword.
You slash Duvessa!
Duvessa is heavily wounded.
Duvessa hits you with a +0 short sword. x2
You hit Duvessa but do no damage. Your headbutt misses Duvessa.
Duvessa is heavily wounded.
Duvessa hits you with a +0 short sword. Duvessa misses you.
You barely miss Duvessa.
Duvessa is heavily wounded.
Duvessa hits you but does no damage. Duvessa closely misses you.
You feel very mighty all of a sudden. Duvessa barely misses you.
You barely miss Duvessa. Your headbutt misses Duvessa.
Duvessa is heavily wounded.
Duvessa hits you with a +0 short sword! x2
* * * LOW HITPOINT WARNING * * *
You barely miss Duvessa.
Duvessa is heavily wounded.
Duvessa hits you with a +0 short sword!
You die...

#####.#.####.......########
#.#.# #.....))#
##.#.####.....).#
...#.#.....###'##
#........#...#
#........#...#
#........#...#
#........'...#
#....e@..#...#
############## ###


You could see Duvessa (berserk).

Vanquished Creatures
  Dowan (D:4)
  A jelly (D:4)
  Jessica (D:2)
  An adder (D:2)
  2 worms
  5 dart slugs
  3 orcs (D:4)
  5 bats
  8 endoplasms
  3 giant cockroaches
  3 hobgoblins
  3 jackals (D:1)
  3 kobolds
  4 quokkas
  6 ball pythons
  2 frilled lizards
  7 goblins
  5 rats
63 creatures vanquished.

Vanquished Creatures (others)
  5 withered plants (D:1)
5 creatures vanquished.

Grand Total: 68 creatures vanquished

Notes
Turn   | Place    | Note
-------+----------+-------------------------------------------
     0 | D:1      | gohu the Minotaur Fighter began the quest for the Orb.
     0 | D:1      | Reached XP level 1. HP: 19/19 MP: 0/0
     6 | D:1      | Noticed a merfolk zombie
    15 | D:1      | Noticed a minotaur zombie
    59 | D:1      | Reached XP level 2. HP: 16/27 MP: 1/1
    93 | D:1      | Reached skill level 3 in Axes
   224 | D:1      | Found a faded altar of an unknown god.
   454 | D:1      | Reached XP level 3. HP: 32/33 MP: 2/2
  1414 | D:2      | Reached skill level 4 in Axes
  1504 | D:2      | Noticed Jessica
  1512 | D:2      | Killed Jessica
  1513 | D:2      | Reached XP level 4. HP: 40/40 MP: 3/3
  2434 | D:4      | Reached skill level 5 in Axes
  2434 | D:4      | Reached XP level 5. HP: 41/46 MP: 4/4
  2495 | D:4      | Noticed Dowan
  2495 | D:4      | Noticed Duvessa
  2509 | D:4      | Killed Dowan
  2706 | D:4      | Slain by Duvessa

Illustrated notes

Levels and vault maps discovered:
D:1:      shiori_arrival_whats_in_store_for_you, layout_rooms,
          ebering_ecumenical_altar_petrified
D:2:      minmay_inner_zag, layout_loops_corners, uniq_jessica
D:3:      layout_rooms, minmay_misc_feat_plants, hangedman_decor_slide_cut,
          minmay_bisected
D:4:      layout_basic, uniq_duvessa

Skill      XL: |  1  2  3  4 |
---------------+-------------+-----
Fighting       | 4 |  4.3
Armour         | 4 |  4.7
Axes           | 3 4 5 |  5.7
Shields        | |  3.6

Action                   |  1- 3 |  4- 6 || total
-------------------------+-------+-------++-------
Melee: War axe           |    89 |    54 ||   143
       Headbutt          |     6 |    12 ||    18
  Use: Potion            |       |     1 ||     1
Armor: Scale mail        |    40 |    22 ||    62
Dodge: Dodged            |    44 |    26 ||    70
Block: Buckler           |    24 |     6 ||    30
